 Dungeon Crawl Stone Soup version 0.31-a0-174-g85c54bcb58 (webtiles) character file.

Game seed: 2531739094270820119

1883 qw the Cleaver (level 9, -2/55 HPs)
             Began as a Gargoyle Fighter on June 15, 2023.
             Killed from afar by an acid dragon (26 damage)
             ... with a splash of acid
             ... on level 7 of the Dungeon.
             The game lasted 00:03:05 (5928 turns).

qw the Cleaver (Gargoyle Fighter)                   Turns: 5928, Time: 00:03:05

Health: -2/55      AC: 17    Str: 22    XL:     9   Next: 14%
Magic:  9/9        EV:  7    Int: 12    God:
Gold:   113        SH:  4    Dex: 12    Spells: 8/8 levels left

rFire   + . .        Y - +0 war axe (drain)
rCold   + . .        c - +0 buckler
rNeg    + . .        i - +0 plate armour
rPois   inf          k - +0 helmet
rElec   +            (no cloak)
rCorr   .            (no gloves)
SInv    .            b - +0 pair of boots
Will    .....        (no amulet) Stlth
                     p - ring of Cuyh {rF+ rC+}
HPRegen 0.29/turn    (no ring)
MPRegen 0.11/turn

%: no passive effects
@: corroded
A: sickness immunity, AC +6, negative energy resistance 1, electricity
resistance, torment resistance 1, petrification resistance, agile 1, clever 1
a: no special abilities


You were on level 7 of the Dungeon.
You visited 1 branch of the dungeon, and saw 7 of its levels.

You collected 335 gold pieces.
You spent 222 gold pieces at shops.


Innate Abilities, Weirdness & Mutations

You are immune to sickness and miasma.
Your stone body is resilient. (AC +6)
You are immune to poison.
You resist negative energy. (rN+)
You are resistant to electric shocks. (rElec)
You are resistant to unholy torment.
You are immune to petrification.
You are agile. (Dex +4, Str/Int -1)
Your mind is acute. (Int +4, Str/Dex -1)


   Skills:
 - Level 6.0 Fighting
 + Level 8.8 Axes
 - Level 1.0 Throwing
 - Level 5.0 Armour
 - Level 2.3 Dodging
 - Level 3.2 Shields


You had 8 spell levels left.
You didn't know any spells.
Your spell library was empty.

Inventory:

Hand Weapons
 f - a +0 flail
 j - a +3 hand axe
 Y - a +0 war axe of draining (weapon)
Missiles
 s - 4 boomerangs (quivered)
Armour
 b - a +0 pair of boots (worn)
 c - a +0 buckler (worn)
 i - a +0 plate armour (worn)
 k - a +0 helmet (worn)
Jewellery
 p - the ring of Cuyh (left hand) {rF+ rC+}
   (You took it off a centaur on level 6 of the Dungeon)

   [ring of protection from fire]

   rF:        It protects you from fire.
   rC:        It protects you from cold.
Scrolls
 g - 5 scrolls of teleportation
 n - 4 scrolls of identify
Potions
 a - 3 potions of mutation
 d - a potion of might
 e - 3 potions of heal wounds
 h - 2 potions of haste
 l - 3 potions of lignification
 o - a potion of resistance
 q - 3 potions of curing
 r - a potion of cancellation

Dungeon Overview and Level Annotations

Branches:
Dungeon (7/15)
 Temple: D:4-7

Altars:
Dithmenos
Sif Muna
Uskayaw
Xom
The Shining One

Shops:
D:4 !*((*

Annotations:
D:3 2 transporters, 1 runed translucent door, Crazy Yiuf; qw's ghost, amateur GrHu
D:6 1 runed translucent door, qw's ghost, novice GrHu


Message History

The acid dragon spits acid at you.
The splash of acid hits you but does no damage.
You hear a shout! x3
You hit the bullfrog.
The bullfrog is moderately wounded.
You block the bullfrog's attack. The acid dragon spits acid at you.
The splash of acid hits you!! The acid corrodes you!
You block the bullfrog's attack.
You hit the bullfrog but do no damage.
The bullfrog is moderately wounded.
The bullfrog barely misses you.
The water moccasin bites you but does no damage.
The bullfrog hits you but does no damage.
An orc comes into view. It is wielding a +0 short sword.
An orc wizard comes into view. It is wielding a +0 dagger.
You slash the bullfrog!
The bullfrog is heavily wounded.
You hit the water moccasin. You block the water moccasin's attack.
The bullfrog closely misses you.
The water moccasin bites you but does no damage.
You slash the bullfrog!
You kill the bullfrog!
You slash the water moccasin! You drain the water moccasin.
The water moccasin barely misses you. The acid dragon spits acid at you.
The splash of acid hits you. The acid corrodes you!
You hear a shout! x2
You slash the water moccasin!
The water moccasin is almost dead.
The water moccasin barely misses you. x2
You barely miss the water moccasin.
The water moccasin is almost dead.
The water moccasin bites you but does no damage.
You slash the water moccasin!
You kill the water moccasin!
You hit the acid dragon but do no damage.
The acid dragon spits acid at you. The splash of acid hits you!!
You die...

#. #.## ###...#
....... .#####.
.#..(#. .#..(#.###
.#####D@.#
....o.%#.###
..._o......##########
......####.##.......#
.#.#...........).##.##
.....###...##.##.....#
#....
#.#.##.#####..### #/#.
#+####>###......#
#........#.#


You could see an acid dragon (catching breath), 2 dancing weapons, an orc wizard
and an orc.

Vanquished Creatures
  Sigmund (D:6)
  2 water moccasins
  2 black bears
  A sky beast (D:7)
  A centaur (D:6)
  3 ogres
  Blork the orc (D:4)
  2 bullfrogs (D:7)
  4 scorpions
  A howler monkey (D:6)
  3 hounds
  2 orc priests
  A gnoll bouda (D:6)
  3 jellies
  An iguana (D:6)
  An orc wizard (D:3)
  Robin (D:3)
  6 adders
  4 gnolls (D:6)
  2 ufetubi (D:4)
  A worm (D:3)
  4 dart slugs
  10 orcs
  4 ball pythons
  4 endoplasms (D:2)
  16 goblins
  11 hobgoblins
  4 jackals (D:1)
  5 quokkas
  4 bats
  2 frilled lizards
  2 kobolds
  8 rats
117 creatures vanquished.

Vanquished Creatures (others)
  An orc wizard (D:5)
1 creature vanquished.

Grand Total: 118 creatures vanquished

Notes
Turn   | Place    | Note
-------+----------+-------------------------------------------
     0 | D:1      | qw the Gargoyle Fighter began the quest for the Orb.
     0 | D:1      | Reached XP level 1. HP: 14/14 MP: 1/1
     0 | D:1      | 0 ||| qw: Version: 0.2-a-29-g511e9b1
     0 | D:1      | 0 ||| qw: Game counter: 5290
     0 | D:1      | 0 ||| qw: Always use a shield: true
     0 | D:1      | 0 ||| qw: God list: Okawaru
     0 | D:1      | 0 ||| qw: Allow faded altars: false
     0 | D:1      | 0 ||| qw: Do Orc after D:15 true
     0 | D:1      | 0 ||| qw: Do second Lair branch before Depths: true
     0 | D:1      | 0 ||| qw: Lair rune preference: random
     0 | D:1      | 0 ||| qw: Plans: Normal, Zot:1-4, Slime:5, God:TSO, Crypt,
                  | Tomb, Abyss, Pan, Hells, Win
     0 | D:1      | 0 ||| PLANNING D:1-11
    23 | D:1      | Reached skill level 2 in Axes
    65 | D:1      | Reached XP level 2. HP: 19/19 MP: 2/2
   291 | D:1      | 291 ||| DROPPING +0 club.
   515 | D:1      | 515 ||| UPGRADING to +0 chain mail.
   525 | D:1      | 525 ||| DROPPING +0 scale mail.
   526 | D:1      | 526 ||| READING scroll labelled OMNAEMN ATZEE.
   536 | D:1      | 536 ||| READING 5 scrolls labelled DUDUPH CIOMA.
   541 | D:1      | 541 ||| READING scroll labelled LADEJILULLEGH.
   542 | D:1      | 542 ||| READING scroll labelled JAGIR SORPH.
   543 | D:1      | 543 ||| READING 2 scrolls labelled HOV DUEXELUEDDOQU.
   544 | D:1      | 544 ||| READING scroll labelled KUONYUTAYV.
   545 | D:1      | 545 ||| DRINKING 2 dark potions.
   546 | D:1      | 546 ||| DRINKING 2 fuming clear potions.
   591 | D:1      | 591 ||| DROPPING potion of brilliance.
   685 | D:2      | Reached skill level 3 in Axes
   787 | D:2      | Reached XP level 3. HP: 23/23 MP: 3/3
  1403 | D:2      | 1403 ||| DROPPING ring of magical power.
  1404 | D:2      | 1404 ||| READING scroll labelled BIMUEK OHE ALL.
  1405 | D:2      | 1405 ||| READING scroll labelled LEIBISHREM.
  1406 | D:2      | 1406 ||| DRINKING 2 fuming red potions.
  1406 | D:2      | Gained mutation: Your mind is acute. (Int +4, Str/Dex -1)
                  | [potion of mutation]
  1406 | D:2      | Gained mutation: You are agile. (Dex +4, Str/Int -1)
                  | [potion of mutation]
  1407 | D:2      | 1407 ||| DRINKING 2 bubbling dark potions.
  1408 | D:2      | 1408 ||| READING 2 scrolls of identify.
  1408 | D:2      | 1408 ||| IDENTIFYING bubbling brown potion
  1431 | D:3      | 1431 ||| Stepping ~*~*~tactically~*~*~ (stealth).
  1436 | D:3      | Reached XP level 4. HP: 28/28 MP: 4/4
  1449 | D:3      | You fall into a shaft and drop 2 floors!
  1449 | D:5      | Entered Level 5 of the Dungeon
  1462 | D:5      | Reached skill level 4 in Axes
  1554 | D:5      | 1554 ||| Stepping ~*~*~tactically~*~*~ (hiding).
  1556 | D:5      | 1556 ||| Stepping ~*~*~tactically~*~*~ (hiding).
  1564 | D:5      | Reached XP level 5. HP: 29/32 MP: 5/5
  1589 | D:5      | Reached skill level 5 in Axes
  1701 | D:5      | Noticed a water moccasin
  1709 | D:5      | Killed a water moccasin
  1710 | D:5      | Reached XP level 6. HP: 37/37 MP: 6/6
  1758 | D:3      | 1758 ||| Stepping ~*~*~tactically~*~*~ (hiding).
  1867 | D:3      | Found a transporter.
  1868 | D:3      | 1868 ||| Stepping ~*~*~tactically~*~*~ (hiding).
  1873 | D:3      | 1873 ||| Stepping ~*~*~tactically~*~*~ (stealth).
  1874 | D:3      | 1874 ||| Stepping ~*~*~tactically~*~*~ (stealth).
  1875 | D:3      | 1875 ||| Stepping ~*~*~tactically~*~*~ (stealth).
  1876 | D:3      | 1876 ||| Stepping ~*~*~tactically~*~*~ (stealth).
  1890 | D:3      | 1890 ||| Stepping ~*~*~tactically~*~*~ (stealth).
  1894 | D:3      | 1894 ||| FLEEEEING.
  1895 | D:3      | 1895 ||| FLEEEEING.
  1904 | D:3      | 1904 ||| Stepping ~*~*~tactically~*~*~ (stealth).
  1905 | D:3      | 1905 ||| Stepping ~*~*~tactically~*~*~ (stealth).
  1906 | D:3      | 1906 ||| Stepping ~*~*~tactically~*~*~ (stealth).
  1906 | D:3      | Noticed qw's ghost (amateur GrHu)
  1907 | D:3      | 1907 ||| Stepping ~*~*~tactically~*~*~ (stealth).
  1908 | D:3      | 1908 ||| Stepping ~*~*~tactically~*~*~ (stealth).
  1956 | D:3      | Noticed Robin
  1957 | D:3      | 1957 ||| Stepping ~*~*~tactically~*~*~ (stealth).
  1980 | D:3      | Killed Robin
  2064 | D:3      | Found a faded altar of an unknown god.
  2128 | D:3      | Found a shimmering blue altar of Sif Muna.
  2217 | D:3      | Found a transporter.
  2237 | D:3      | Found a glowing golden altar of the Shining One.
  2329 | D:3      | Found a runed translucent door.
  2330 | D:3      | Noticed Crazy Yiuf
  2458 | D:3      | 2458 ||| UPGRADING to +0 plate armour.
  2468 | D:3      | 2468 ||| DROPPING +0 chain mail.
  2469 | D:3      | 2469 ||| UPGRADING to +0 helmet.
  2474 | D:3      | 2474 ||| DRINKING 2 cyan potions.
  2475 | D:3      | 2475 ||| DRINKING 2 fuming dark potions.
  2579 | D:3      | 2579 ||| READING 3 scrolls of identify.
  2579 | D:3      | 2579 ||| IDENTIFYING smoky ruby potion
  2580 | D:3      | 2580 ||| DROPPING potion of berserk rage.
  2668 | D:4      | 2668 ||| DROPPING +0 hand axe.
  2714 | D:4      | Found a shadowy altar of Dithmenos.
  2732 | D:4      | 2732 ||| Stepping ~*~*~tactically~*~*~ (stealth).
  2740 | D:4      | 2740 ||| Stepping ~*~*~tactically~*~*~ (hiding).
  2744 | D:4      | 2744 ||| Stepping ~*~*~tactically~*~*~ (hiding).
  2745 | D:4      | 2745 ||| Stepping ~*~*~tactically~*~*~ (hiding).
  2746 | D:4      | 2746 ||| Stepping ~*~*~tactically~*~*~ (hiding).
  2894 | D:4      | Found Nucwoda's Weapon Boutique.
  2981 | D:4      | Found Faucw's Distillery.
  2982 | D:4      | 2982 ||| Stepping ~*~*~tactically~*~*~ (hiding).
  3102 | D:4      | 3102 ||| BUYING 2 potions of heal wounds (140 gold).
  3102 | D:4      | Bought 2 potions of heal wounds for 140 gold pieces
  3102 | D:4      | 3102 ||| SHOPLISTING 2 potions of mutation (224 gold, have
                  | 72).
  3102 | D:4      | 3102 ||| BUYING potion of curing (42 gold).
  3102 | D:4      | Bought a potion of curing for 42 gold pieces
  3102 | D:4      | 3102 ||| SHOPLISTING potion of curing (42 gold, have 30).
  3102 | D:4      | 3102 ||| SHOPLISTING potion of might (56 gold, have 30).
  3102 | D:4      | 3102 ||| SHOPLISTING potion of mutation (112 gold, have
                  | 30).
  3160 | D:4      | Found Gemazui's General Store.
  3165 | D:4      | 3165 ||| SHOPLISTING -2 hat of the Alchemist {rElec rPois
                  | rF+ rC+ rN+ Will+ rMut rCorr} (472 gold, have 42).
  3165 | D:4      | 3165 ||| SHOPLISTING 2 potions of haste (200 gold, have
                  | 42).
  3193 | D:4      | Reached XP level 7. HP: 43/43 MP: 7/7
  3307 | D:4      | Found Ylunac's General Store.
  3312 | D:4      | Noticed Blork the orc
  3320 | D:4      | Killed Blork the orc
  3321 | D:4      | Reached skill level 6 in Axes
  3322 | D:4      | 3322 ||| SHOPLISTING +0 pair of boots (45 gold, have 42).
  3322 | D:4      | 3322 ||| BUYING scroll of identify (20 gold).
  3322 | D:4      | Bought a scroll of identify for 20 gold pieces
  3322 | D:4      | 3322 ||| BUYING scroll of identify (20 gold).
  3322 | D:4      | Bought a scroll of identify for 20 gold pieces
  3322 | D:4      | 3322 ||| SHOPLISTING scroll of teleportation (30 gold, have
                  | 2).
  3349 | D:4      | Found Geij's Weapon Boutique.
  3395 | D:4      | 3395 ||| FLEEEEING.
  3409 | D:4      | 3409 ||| FLEEEEING.
  3410 | D:4      | 3410 ||| FLEEEEING.
  3411 | D:4      | 3411 ||| FLEEEEING.
  3412 | D:4      | 3412 ||| FLEEEEING.
  3413 | D:4      | 3413 ||| FLEEEEING.
  3414 | D:4      | 3414 ||| FLEEEEING.
  3415 | D:4      | 3415 ||| FLEEEEING.
  3416 | D:4      | 3416 ||| FLEEEEING.
  3417 | D:4      | 3417 ||| FLEEEEING.
  3418 | D:4      | 3418 ||| FLEEEEING.
  3419 | D:4      | 3419 ||| FLEEEEING.
  3420 | D:4      | 3420 ||| FLEEEEING.
  3424 | D:4      | 3424 ||| FLEEEEING.
  3425 | D:4      | 3425 ||| FLEEEEING.
  3426 | D:4      | 3426 ||| FLEEEEING.
  3427 | D:4      | 3427 ||| FLEEEEING.
  3428 | D:4      | 3428 ||| FLEEEEING.
  3429 | D:4      | 3429 ||| FLEEEEING.
  3430 | D:4      | 3430 ||| FLEEEEING.
  3434 | D:4      | 3434 ||| FLEEEEING.
  3435 | D:4      | 3435 ||| FLEEEEING.
  3436 | D:4      | 3436 ||| FLEEEEING.
  3437 | D:4      | 3437 ||| FLEEEEING.
  3438 | D:4      | 3438 ||| FLEEEEING.
  3441 | D:4      | 3441 ||| FLEEEEING.
  3442 | D:4      | 3442 ||| FLEEEEING.
  3443 | D:4      | 3443 ||| FLEEEEING.
  3444 | D:4      | 3444 ||| STAIRDANCE
  3547 | D:3      | 3547 ||| READING scroll labelled VYDASE VOGULU.
  3548 | D:3      | 3548 ||| READING scroll labelled CEUWKE WUWOIRI.
  3649 | D:3      | 3649 ||| READING 5 scrolls of identify.
  3649 | D:3      | 3649 ||| IDENTIFYING bubbling blue potion
  3650 | D:3      | 3650 ||| READING 4 scrolls of identify.
  3650 | D:3      | 3650 ||| IDENTIFYING fizzy brown potion
  3651 | D:3      | 3651 ||| DROPPING potion of enlightenment.
  3725 | D:4      | 3725 ||| DROPPING +0 mace.
  3736 | D:4      | Found a shimmering altar of Xom.
  3736 | D:4      | Found a shimmering altar of Xom.
  3737 | D:4      | Found a shimmering altar of Xom.
  3741 | D:4      | Found a shimmering altar of Xom.
  3936 | D:5      | 3936 ||| STAIRDANCE
  3940 | D:5      | 3940 ||| STAIRDANCE
  3944 | D:5      | 3944 ||| STAIRDANCE
  3948 | D:5      | 3948 ||| STAIRDANCE
  3952 | D:5      | 3952 ||| STAIRDANCE
  3956 | D:5      | 3956 ||| STAIRDANCE
  3960 | D:5      | 3960 ||| STAIRDANCE
  3964 | D:5      | 3964 ||| STAIRDANCE
  3968 | D:5      | 3968 ||| STAIRDANCE
  3972 | D:5      | 3972 ||| STAIRDANCE
  3976 | D:5      | 3976 ||| STAIRDANCE
  3980 | D:5      | 3980 ||| STAIRDANCE
  3984 | D:5      | 3984 ||| STAIRDANCE
  3988 | D:5      | 3988 ||| STAIRDANCE
  3992 | D:5      | 3992 ||| STAIRDANCE
  3996 | D:5      | 3996 ||| STAIRDANCE
  4000 | D:5      | 4000 ||| STAIRDANCE
  4004 | D:5      | 4004 ||| STAIRDANCE
  4008 | D:5      | 4008 ||| STAIRDANCE
  4012 | D:5      | 4012 ||| STAIRDANCE
  4212 | D:4      | 4212 ||| STAIRDANCE
  4342 | D:5      | HP: 8/43 [ogre/+0 giant spiked club (4)]
  4343 | D:5      | 4343 ||| READING 6 scrolls of teleportation.
  4344 | D:5      | 4344 ||| DRINKING 4 potions of heal wounds.
  4624 | D:5      | 4624 ||| FLEEEEING.
  4626 | D:5      | 4626 ||| FLEEEEING.
  4627 | D:5      | 4627 ||| FLEEEEING.
  4628 | D:5      | 4628 ||| FLEEEEING.
  4629 | D:5      | 4629 ||| FLEEEEING.
  4630 | D:5      | 4630 ||| FLEEEEING.
  4631 | D:5      | 4631 ||| FLEEEEING.
  4632 | D:5      | 4632 ||| FLEEEEING.
  4633 | D:5      | 4633 ||| FLEEEEING.
  4634 | D:5      | 4634 ||| FLEEEEING.
  4635 | D:5      | 4635 ||| FLEEEEING.
  4641 | D:5      | 4641 ||| FLEEEEING.
  4642 | D:5      | 4642 ||| FLEEEEING.
  4643 | D:5      | 4643 ||| FLEEEEING.
  4644 | D:5      | 4644 ||| FLEEEEING.
  4645 | D:5      | 4645 ||| FLEEEEING.
  4646 | D:5      | 4646 ||| FLEEEEING.
  4647 | D:5      | 4647 ||| FLEEEEING.
  4648 | D:5      | 4648 ||| FLEEEEING.
  4649 | D:5      | 4649 ||| FLEEEEING.
  4650 | D:5      | 4650 ||| FLEEEEING.
  4651 | D:5      | 4651 ||| FLEEEEING.
  4652 | D:5      | 4652 ||| FLEEEEING.
  4653 | D:5      | 4653 ||| FLEEEEING.
  4654 | D:5      | 4654 ||| FLEEEEING.
  4655 | D:5      | 4655 ||| FLEEEEING.
  4656 | D:5      | 4656 ||| FLEEEEING.
  4657 | D:5      | 4657 ||| FLEEEEING.
  4658 | D:5      | 4658 ||| FLEEEEING.
  4659 | D:5      | 4659 ||| FLEEEEING.
  4662 | D:5      | 4662 ||| FLEEEEING.
  4665 | D:5      | 4665 ||| FLEEEEING.
  4758 | D:4      | 4758 ||| SHOPLISTING +4 war axe (331 gold, have 62).
  4758 | D:4      | 4758 ||| Stepping randomly (stuck).
  4803 | D:5      | Reached XP level 8. HP: 48/48 MP: 8/8
  4817 | D:5      | Reached skill level 7 in Axes
  5116 | D:6      | Found a runed translucent door.
  5124 | D:6      | Noticed qw's ghost (novice GrHu)
  5158 | D:6      | Identified the ring of Cuyh {rF+ rC+}
  5159 | D:6      | 5159 ||| Stepping ~*~*~tactically~*~*~ (stealth).
  5249 | D:6      | 5249 ||| Stepping ~*~*~tactically~*~*~ (stealth).
  5258 | D:6      | Reached skill level 1 in Throwing
  5374 | D:6      | Noticed Sigmund
  5383 | D:6      | Killed Sigmund
  5384 | D:6      | Reached skill level 8 in Axes
  5439 | D:6      | 5439 ||| Stepping ~*~*~tactically~*~*~ (stealth).
  5454 | D:6      | 5454 ||| Stepping ~*~*~tactically~*~*~ (stealth).
  5466 | D:6      | Reached skill level 6 in Fighting
  5783 | D:6      | 5783 ||| UPGRADING to +0 pair of boots.
  5788 | D:6      | 5788 ||| UPGRADING to ring of Cuyh {rF+ rC+}.
  5789 | D:6      | 5789 ||| READING scroll labelled FIN XISAXE.
  5790 | D:6      | 5790 ||| READING scroll labelled UZIPPA VODGHYRI.
  5791 | D:6      | 5791 ||| READING 5 scrolls of identify.
  5791 | D:6      | 5791 ||| IDENTIFYING brown potion
  5792 | D:6      | 5792 ||| DROPPING potion of degeneration.
  5829 | D:7      | Reached XP level 9. HP: 49/55 MP: 9/9
  5909 | D:7      | Found a hide-covered altar of Uskayaw.
  5914 | D:7      | Noticed a +0 dagger
  5916 | D:7      | Noticed a +0 hand axe
  5919 | D:7      | 5919 ||| Stepping ~*~*~tactically~*~*~ (stealth).
  5928 | D:7      | Killed from afar by an acid dragon

Levels and vault maps discovered:
D:1:      dreamdust_arrival_sigmund_warning, layout_rooms
D:2:      layout_loops_ring, minmay_fractal_squares_gapless_5
D:3:      layout_loops_cross, lemuel_doored_altar,
          mainiacjoe_overflow_cross_hatched, basic_ecumenical_altar,
          gammafunk_ghost_stat_death, uniq_robin, uniq_crazy_yiuf_cottage
D:4:      layout_loops_ring, xom_redecorated, nicolae_dithmenos_shadow_blocks,
          serial_shops, nicolae_lakefront_shop, nicolae_shop_real_fake_doors,
          nicolae_shop_hallway_plus, nicolae_take_the_stairs,
          nicolae_square_shop, chequers_serial_rivers_micro_a, minmay_bisected,
          uniq_blork_the_orc
D:5:      layout_loops_ring, minmay_between
D:6:      cheibrodos_iron_armory, layout_loops_ring,
          ebering_ghost_reflecting_pool, uniq_sigmund
D:7:      layout_loops_cross, dancing_weapons_uskayaw, minmay_temple_entry_hall

Skill      XL: |  1  2  3  4  5  6  7  8 |
---------------+-------------------------+-----
Axes           | 2 3 4 5 6 8 |  8.8
Dodging        | 2 |  2.3
Fighting       | 4 6 |  6.0
Armour         | 4 5 |  5.0
Throwing       | 1 |  1.0
Shields        | |  3.2

Action                     |  1- 3 |  4- 6 |  7- 9 || total
---------------------------+-------+-------+-------++-------
  Melee: War axe           |   112 |   114 |   149 ||   375
  Throw: Boomerang         |       |    31 |    19 ||    50
    Use: Scroll            |     9 |     1 |     8 ||    18
         Potion            |     4 |     2 |     1 ||     7
 Armour: Scale mail        |    22 |       |       ||    22
         Chain mail        |    40 |    48 |       ||    88
         Plate armour      |       |    37 |    93 ||   130
  Dodge: Dodged            |    42 |    39 |    34 ||   115
  Block: Buckler           |    21 |    24 |    30 ||    75

Table legend:
 A = Non-vault XP
 B = Vault XP
 C = Vault XP percentage of total XP
 D = Non-vault monster count
 E = Vault monster count
 F = Vault count percentage of total count
                 A         B        C        D         E       F
            +---------+---------+-------+---------+---------+-------
      Total |    2342 |     507 |  17.8 |      92 |      26 |  22.0
            +---------+---------+-------+---------+---------+-------
        D:1 |      24 |       0 |   0.0 |      15 |       0 |   0.0
        D:2 |      47 |       9 |  16.1 |      16 |       4 |  20.0
        D:3 |      65 |      39 |  37.5 |      12 |      13 |  52.0
        D:4 |     259 |      99 |  27.7 |      19 |       4 |  17.4
        D:5 |     573 |     146 |  20.3 |      10 |       4 |  28.6
        D:6 |     790 |     214 |  21.3 |      15 |       1 |   6.2
        D:7 |     584 |       0 |   0.0 |       5 |       0 |   0.0
            +---------+---------+-------+---------+---------+-------
